 Dungeon Crawl Stone Soup version 0.29-a0-330-g52719c12eb (webtiles) character file.

Game seed: 8080173098819501821

4081 zishaf the Grappler (level 10, -19/94 (100) HPs)
             Began as a Troll Delver on Apr 12, 2022.
             Was a Believer of Dithmenos.
             Demolished by a two-headed ogre
             ... wielding a +0 giant spiked club
              (26 damage)
             ... on level 7 of the Dungeon.
             The game lasted 00:13:44 (5571 turns).

zishaf the Grappler (Troll Delver)                  Turns: 5571, Time: 00:13:44

HP:   -19/94 (100)  AC:  7    Str: 26    XL:     10   Next: 5%
MP:   11/11         EV:  8    Int:  6    God:    Dithmenos [**....]
Gold: 253           SH:  9    Dex: 11    Spells: 7/9 levels left

rFire   + . .      SeeInvis .     - Unarmed
rCold   . . .      Faith    .   x - +1 kite shield {reflect}
rNeg    . . .      Spirit   .   n - +0 steam dragon scales
rPois   .          Reflect  +   (helmet restricted)
rElec   .          Harm     .   (no cloak)
rCorr   .          Rampage  .   (gloves unavailable)
Will    .....                   (boots unavailable)
Stlth   ++........              (no amulet)
HPRegen 1.05/turn               s - ring of protection from fire
MPRegen 0.12/turn               (no ring)

@: wreathed by umbra, drained
A: large, unfitting armour, claws 3, regeneration 1, shaggy fur 1, tough skin 1
a: Renounce Religion, Shadow Step


You were on level 7 of the Dungeon.
You worshipped Dithmenos.
Dithmenos was pleased with you.
You visited 1 branch of the dungeon, and saw 7 of its levels.

You collected 485 gold pieces.
You spent 232 gold pieces at shops.

Inventory:

Hand Weapons
 a - a +1 fustibalus
 z - the +6 falchion "Dules" {vorpal, *Rage rElec rCorr Str+7}
   (You found it on level 7 of the Dungeon)

   It inflicts extra damage upon your enemies.
   Str:       It affects your strength (+7).
   rElec:     It insulates you from electricity.
   *Rage:     It berserks you when you make melee attacks (+20% chance).
   rCorr:     It protects you from acid and corrosion.
Missiles
 u - a throwing net
Armour
 l - the +0 robe of the Swamp {Dex+7 Stlth+}
   (You found it on level 4 of the Dungeon)

   Dex:       It affects your dexterity (+7).
   Stlth:     It makes you more stealthy.
 m - a +0 robe
 n - +0 steam dragon scales (worn)
 x - a +1 kite shield of reflection (worn)
Jewellery
 g - a ring of ice
 s - a ring of protection from fire (left claw)
Wands
 f - a wand of digging (3)
 w - a wand of paralysis (13)
 A - a wand of flame (16)
 B - a wand of charming (3)
Scrolls
 b - 5 scrolls of fog
 c - a scroll of magic mapping
 k - 4 scrolls of fear
 o - a scroll of teleportation
 y - a scroll of enchant weapon
Potions
 d - a potion of magic
 e - 3 potions of haste
 h - 2 potions of mutation
 i - a potion of might {unknown}
 j - a potion of lignification
 p - 5 potions of brilliance
 q - a potion of curing
 r - 2 potions of flight
 v - 2 potions of attraction


   Skills:
 + Level 6.5 Fighting
 - Level 1.5 Dodging
 - Level 2.7 Stealth
 + Level 5.0 Shields
 + Level 8.3 Unarmed Combat
 + Level 4.9 Transmutations
 + Level 2.9 Invocations


You had 7 spell levels left.
You knew the following spells:

 Your Spells              Type           Power      Damage    Failure   Level
a - Wereblood             Tmut           5%         N/A       22%         2

Your spell library contained the following spells:

 Spells                   Type           Power      Damage    Failure   Level
 Beastly Appendage        Tmut           10%        N/A       14%         1
 Magic Dart               Conj           0%         1d3       73%         1
 Slow                     Hex            0%         N/A       73%         1
 Spider Form              Tmut/Pois      2%         N/A       77%         3
 Blink                    Tloc           0%         N/A       86%         2
 Call Imp                 Summ           0%         N/A       86%         2
 Confusing Touch          Hex            0%         N/A       97%         3
 Lesser Beckoning         Tloc           0%         N/A       97%         3
 Mephitic Cloud           Conj/Pois/Air  0%         N/A       97%         3
 Vampiric Draining        Necr           0%         2d6       97%         3
 Alistair's Intoxication  Tmut/Pois      1%         N/A       100%        5
 Borgnjor's Vile Clutch   Necr/Erth      0%         N/A       100%        5
 Manifold Assault         Tloc           0%         N/A       100%        5
 Eringya's Noxious Bog    Tmut/Pois      1%         N/A       100%        6


Dungeon Overview and Level Annotations

Branches:
Dungeon (7/15)             Temple (0/1) D:5

Altars:
Dithmenos

Shops:
D:1 :*:?   D:3 *

Annotations:
D:1 potion/scroll shop
D:7 exclusion: door


Innate Abilities, Weirdness & Mutations

You are too large for most types of armour.
You have claws for hands.
Your natural rate of healing is unusually fast.
You are covered in fur. (AC +1)
You have tough skin. (AC +1)


Message History

q - a potion of curing You see here a +0 shortbow.
b - 5 scrolls of fog (gained 1)
You see here 5 javelins.
There is an open door here.
Found a ring mail.
You see here a +0 ring mail.
A two-headed ogre comes into view.
It is wielding a +0 giant spiked club and a +0 giant club.
The two-headed ogre shouts in stereo!
You see here a scroll of amnesia.
There is an open door, spattered with blood here.
Items here: ( )) [ ††.
There is an open door here.
There is an open door here.
Aiming: Paralyse
Press: ? - help, Shift-Dir - straight line, f - two-headed ogre
Aim: a two-headed ogre, wielding a +0 giant spiked club and a +0 giant club (umbra, chance to affect: 31%)
The two-headed ogre easily resists.
You claw the two-headed ogre!
The two-headed ogre is lightly wounded.
The two-headed ogre hits you with a +0 giant spiked club!!
You block the two-headed ogre's attack.
You scratch the two-headed ogre but do no damage.
The two-headed ogre is lightly wounded.
You claw the two-headed ogre!
The two-headed ogre is moderately wounded.
The two-headed ogre barely misses you.
The two-headed ogre hits you with a +0 giant club!!
You scratch the two-headed ogre but do no damage.
The two-headed ogre is moderately wounded.
The two-headed ogre hits you with a +0 giant spiked club!!!
* * * LOW HITPOINT WARNING * * *
The two-headed ogre hits you with a +0 giant club!
* * * LOW HITPOINT WARNING * * *
You barely miss the two-headed ogre.
The two-headed ogre is moderately wounded.
You mangle the two-headed ogre!!
The two-headed ogre is heavily wounded.
The two-headed ogre hits you with a +0 giant spiked club!!
You die...

.## #....###..# .# #.####.... ##
#.####...## #.##...... #
#.......## #†........
#########'####### ###........
#...#)..#.#...#... ...#........
#..##.((##..#.#.#'###'#.#........
....#)........#.#.....#.#?.......
..#####.....#.#.###'###.#........
....'....#....'O@.....'.'........
..#####.....#.#(###'###.#........
#...#.........#.#..)..#.#........
#...#?|(##..#.#.#'###'#.#........
#.#.#))!#.#...#.........#.#######
#########)#########.#####.# #
#.........# #.# ..# ##
#.#.#.#.#.# # # ..# .##
#.........#


You could see a two-headed ogre.

Vanquished Creatures
  2 cyclopes (D:7)
  A hornet (D:7)
  A yak (D:7)
  A steam dragon (D:5)
  Menkaure (D:6)
  4 water moccasins
  3 ice beasts
  3 sky beasts
  3 ogres
  2 kobold brigands
  3 bullfrogs
  A scorpion (D:5)
  5 wights
  2 killer bees (D:7)
  3 howler monkeys
  A jelly (D:3)
  2 gnoll shamans
  4 iguanas
  3 orc wizards
  9 adders
  11 gnolls
  3 white imps
  An ufetubus (D:4)
  A dart slug (D:3)
  2 worms
  15 orcs
  7 ball pythons
  9 endoplasms
  2 giant cockroaches
  11 goblins
  6 hobgoblins
  3 jackals (D:1)
  12 kobolds
  5 quokkas
  6 bats
  10 frilled lizards
  7 rats
165 creatures vanquished.

Vanquished Creatures (collateral kills)
  2 killer bees (D:7)
2 creatures vanquished.

Vanquished Creatures (others)
  A hound (D:5)
  A plant (D:5)
2 creatures vanquished.

Grand Total: 169 creatures vanquished

Notes
Turn   | Place    | Note
-------+----------+-------------------------------------------
     0 | D:5      | zishaf the Troll Delver began the quest for the Orb.
     0 | D:5      | Reached XP level 1. HP: 22/22 MP: 0/0
     1 | D:5      | Noticed an orc wizard
    26 | D:5      | Noticed an iguana
   195 | D:4      | Identified the +0 robe of the Swamp {Dex+7 Stlth+}
   334 | D:3      | Reached XP level 2. HP: 29/29 MP: 1/1
   376 | D:3      | Reached skill level 3 in Unarmed Combat
   376 | D:3      | Reached XP level 3. HP: 36/36 MP: 2/2
   492 | D:1      | Found Vokikuigh's Assorted Antiques.
   499 | D:1      | Reached XP level 4. HP: 45/45 MP: 3/3
   576 | D:1      | Found Ubareet's Book Boutique.
   916 | D:1      | Found Fumaan's Book Emporium.
   933 | D:1      | Reached skill level 4 in Unarmed Combat
  1079 | D:1      | Found Wuadoathra's Magic Scroll Emporium.
  1473 | D:2      | Learned a level 2 spell: Wereblood
  1542 | D:2      | Reached XP level 5. HP: 53/53 MP: 4/4
  1594 | D:2      | Found a faded altar of an unknown god.
  2161 | D:3      | Reached skill level 5 in Unarmed Combat
  2306 | D:3      | Found Boenut's Assorted Antiques.
  2406 | D:3      | Reached skill level 1 in Transmutations
  2445 | D:3      | Found a shadowy altar of Dithmenos.
  2556 | D:3      | Reached XP level 6. HP: 49/62 MP: 5/5
  2588 | D:3      | Became a worshipper of Dithmenos the Shadowed
  2635 | D:3      | Bought a glowing kite shield for 232 gold pieces
  2811 | D:4      | Noticed a water moccasin
  2825 | D:4      | Killed a water moccasin
  3294 | D:5      | Noticed a water moccasin
  3373 | D:5      | Reached skill level 1 in Shields
  3375 | D:5      | Noticed a sky beast
  3403 | D:4      | Killed a sky beast
  3404 | D:4      | Reached XP level 7. HP: 24/70 MP: 6/6
  3598 | D:5      | Reached skill level 6 in Unarmed Combat
  3772 | D:5      | Reached * piety under Dithmenos
  3809 | D:5      | Found a staircase to the Ecumenical Temple.
  4030 | D:5      | Reached XP level 8. HP: 17/79 MP: 7/7
  4262 | D:6      | Reached skill level 5 in Fighting
  4433 | D:6      | Noticed Menkaure
  4441 | D:6      | Killed Menkaure
  4546 | D:6      | Reached skill level 7 in Unarmed Combat
  4771 | D:7      | Reached XP level 9. HP: 44/88 MP: 8/8
  4893 | D:7      | Identified the +6 falchion "Dules" {vorpal, *Rage rElec
                  | rCorr Str+7}
  4953 | D:7      | Noticed a gargoyle
  4974 | D:7      | Noticed a cyclops
  4983 | D:7      | Reached ** piety under Dithmenos
  5039 | D:7      | Noticed a cyclops
  5068 | D:7      | Killed a cyclops
  5069 | D:7      | Reached skill level 1 in Invocations
  5268 | D:7      | Reached skill level 8 in Unarmed Combat
  5369 | D:7      | Killed a cyclops
  5393 | D:7      | Reached skill level 5 in Shields
  5397 | D:7      | Reached XP level 10. HP: 95/100 MP: 9/11
  5544 | D:7      | Noticed a two-headed ogre
  5571 | D:7      | Demolished by a two-headed ogre

Illustrated notes

Levels and vault maps discovered:
D:1:      kennysheep_arrival_forest, layout_loops_corners, serial_shops,
          nicolae_square_shop, shop, shop_scrolls, nicolae_shop_crystal,
          chequers_garden
D:2:      layout_basic, ebering_ecumenical_altar_ruins, minmay_strange_pillars
D:3:      layout_loops_cross, nicolae_dithmenos_shadow_blocks, serial_shops,
          nicolae_shop_overgrown_old_shop, minmay_divided_ellipse
D:4:      layout_basic, dk_vineyard_3
D:5:      layout_cave_pools, minmay_temple_entry_junction, minmay_lizard_king
D:6:      layout_cave_pools, uniq_menkaure
D:7:      minmay_the_grid_plus_closed [minmay_the_grid_doors,
          minmay_the_grid_large_cup, minmay_the_grid_minigrid_small,
          minmay_the_grid_spikes, minmay_the_grid_prize_big_room],
          layout_cave_pods

Skill      XL: |  1  2  3  4  5  6  7  8  9 |
---------------+----------------------------+-----
Unarmed Combat | 3 4 5 6 7 8 |  8.3
Fighting       | 3 4 5 6 |  6.5
Transmutations | 1 2 3 4 |  4.9
Shields        | 1 2 3 5 |  5.0
Invocations    | 2 |  2.9
Dodging        | |  1.5
Stealth        | |  2.7

Action                   |  1- 3 |  4- 6 |  7- 9 | 10-12 || total
-------------------------+-------+-------+-------+-------++-------
Melee: Unarmed           |    45 |   198 |   239 |    37 ||   519
       Punch             |       |     1 |       |       ||     1
Throw: Throwing net      |       |     1 |       |       ||     1
Evoke: Wand              |       |       |       |     1 ||     1
  Use: Scroll            |     1 |       |    14 |     1 ||    16
       Potion            |       |     2 |     1 |       ||     3
 Stab: Sleeping          |     5 |    20 |     3 |       ||    28
       Distracted        |     1 |       |       |       ||     1
Armor: Robe              |     5 |    61 |    19 |       ||    85
       Steam dragon scal |       |       |    34 |     3 ||    37
Dodge: Dodged            |    18 |    82 |   100 |     6 ||   206
Block: Kite shield       |       |    24 |   121 |    11 ||   156
       Reflection        |       |       |     2 |       ||     2

Table legend: (Time is in decaauts)
 A = Elapsed time spent in this place.
 B = Non-inter-level travel time spent in this place.
 C = Inter-level travel time spent in this place.
 D = Time resting spent in this place.
 E = Time spent auto-exploring this place.
 F = Levels seen in this place.
 G = Mean time per level.
                   A        B        C        D        E       F      G
               +--------+--------+--------+--------+--------+-----+--------+
         Total |   5574 |   5369 |    205 |    299 |   3414 |   7 |  796.3 |
       Dungeon |   5574 |   5369 |    205 |    299 |   3414 |   7 |  796.3 |
               +--------+--------+--------+--------+--------+-----+--------+

Top non-repeatable levels by time:
     D:4: 967 daAuts
     D:7: 842 daAuts
     D:3: 832 daAuts
     D:1: 820 daAuts
     D:5: 790 daAuts
     D:2: 745 daAuts
     D:6: 576 daAuts
